Map: Dreamcatcher LE

Players

soO - Winner!

  • Race: Zerg Zerg
  • League: Master
  • Spawn Location: 11:00

GOStephano (Stephano)

  • Race: Zerg Zerg
  • Spawn Location: 5:00

Event: HomeStory Cup XVIII

VOD

Have the link to the VOD?

Description

Time

  • Played on: Nov. 23, 2018, 9:40 a.m.
  • Length: 8:43

All games in this series

Show
View Real Time Build Order
Export as new Build Order

soO Zerg - Winner!

Build Orders: Hatch First, Zergling Baneling 

Get SALT Encoding   

  12  0:00  Drone  
  13  0:13  Overlord  
  13  0:17  Drone  
  14  0:31  Drone x2  
  14  0:34  Drone  
  17  0:51  Hatchery  
  17  0:54  Drone  
  17  0:57  Drone  
  18  1:08  Extractor  
  17  1:12  Spawning Pool  
  17  1:15  Drone  
  17  1:18  Drone  
  18  1:28  Drone  
  19  1:39  Drone  
  20  1:49  Overlord  
  20  1:58  Queen  
  22  2:02  Queen  
  22  2:03  Zergling x4  
  22  2:07  Metabolic Boost  
  26  2:13  Drone  
  26  2:15  Drone  
  28  2:22  Drone  
  29  2:26  Drone  
  30  2:32  Drone  
  30  2:37  Drone, Baneling Nest  
  31  2:46  Drone  
  32  2:52  Hatchery  
  32  2:56  Overlord  
  31  3:00  Drone x2  
  33  3:07  Drone x3  
  36  3:15  Zergling x2  
  36  3:16  Zergling x4  
  36  3:19  Zergling x4  
  41  3:22  Baneling x2  
  41  3:27  Overlord  
  41  3:30  Zergling x4  
  43  3:37  Overlord  
  43  3:40  Drone  
  44  3:46  Zergling x2  
  44  3:47  Drone x4  
  44  3:48  Drone  
  50  4:00  Zergling x4  
  50  4:01  Baneling x2  
  50  4:06  Zergling x2  
  50  4:08  Extractor, Queen  
  50  4:09  Extractor  
  51  4:10  Roach Warren  
  51  4:12  Drone x2  
  51  4:15  Drone x2  
  53  4:23  Zergling x6  
  51  4:25  Drone x2  
  51  4:26  Drone  
  51  4:27  Drone  
  51  4:31  Baneling x2  
  54  4:37  Drone x2  
  56  4:39  Zergling x4  
  56  4:44  Baneling x2  
  56  4:50  Overlord  
  56  4:53  Roach x2  
  56  4:54  Roach x2  
  56  4:57  Overlord  
  56  4:59  Overlord  
  64  5:01  Baneling  
  64  5:13  Roach x5  
  73  5:17  Roach x2  
  73  5:18  Roach  
  73  5:20  Roach  
  80  5:28  Roach x3  
  85  5:37  Roach x2  
  87  5:44  Roach  
  89  5:53  Overlord  
  89  5:55  Overlord, Baneling  
  89  5:56  Overlord  
  88  6:02  Roach, Zergling x2  
  89  6:16  Roach x3  
  95  6:19  Roach x4  
  95  6:21  Roach x3  
  95  6:23  Roach x2  
  95  6:24  Roach  
  95  6:25  Roach  
  112  6:27  Roach  
  112  6:29  Zergling x4  
  114  6:32  Roach  
  113  6:41  Zergling x6  
  113  6:45  Roach x2  
  112  6:47  Zergling x2  
  112  6:48  Zergling x2  
  112  6:51  Zergling x6  
  112  6:52  Zergling x2  
  110  6:56  Roach  
  110  6:59  Roach  
  110  7:00  Roach x2  
  106  7:04  Ravager x3  
  106  7:05  Zergling x4  
  107  7:09  Roach x2  
  107  7:15  Roach  
  113  7:17  Overlord  
  113  7:21  Overlord  
  107  7:23  Roach x2  
  107  7:25  Zergling x2  
  107  7:29  Roach, Zergling x2  
  107  7:32  Zergling x2  
  107  7:33  Zergling x2  
  106  7:39  Roach, Zergling x4  
  110  7:45  Zergling x4  
  110  7:46  Ravager  
  110  7:47  Ravager, Zergling x2  
  110  7:48  Zergling x2  
  110  7:49  Zergling x2  
  110  7:50  Zergling x2  
  110  7:51  Ravager x2  
  110  7:56  Zergling x4  
  110  7:57  Ravager  
  113  8:02  Zergling x2  
  113  8:05  Zergling x2  
  112  8:08  Zergling x4  
  112  8:13  Ravager  
  112  8:18  Zergling x4  
  111  8:20  Roach  
  111  8:24  Roach x3  
Show
View Real Time Build Order
Export as new Build Order

GOStephano Zerg 

Build Orders: Pool First 

Get SALT Encoding   

  12  0:00  Drone  
  13  0:12  Overlord  
  13  0:17  Drone  
  14  0:30  Drone x2  
  16  0:41  Spawning Pool  
  15  0:44  Drone  
  15  0:47  Drone  
  17  1:08  Hatchery  
  16  1:11  Drone  
  17  1:25  Extractor  
  16  1:27  Queen  
  16  1:28  Zergling x2  
  16  1:29  Zergling x2  
  20  1:35  Overlord  
  20  1:40  Drone  
  21  1:53  Drone  
  22  2:02  Drone  
  22  2:03  Queen  
  25  2:11  Drone  
  26  2:23  Drone x2  
  26  2:29  Metabolic Boost  
  28  2:33  Overlord  
  28  2:35  Drone x4  
  32  2:42  Overlord  
  32  2:47  Queen  
  34  2:58  Drone x3  
  37  3:11  Hatchery  
  36  3:15  Drone  
  36  3:16  Drone  
  38  3:21  Drone, Baneling Nest  
  38  3:23  Drone  
  38  3:26  Zergling x2  
  40  3:30  Zergling x2  
  40  3:32  Drone x2  
  43  3:41  Overlord  
  43  3:42  Zergling x4  
  43  3:45  Queen  
  47  3:48  Zergling x2  
  47  3:49  Zergling x2  
  48  3:56  Zergling x6  
  48  4:00  Zergling x6  
  50  4:07  Baneling x2  
  50  4:09  Queen  
  49  4:11  Zergling x6  
  51  4:22  Drone x4  
  52  4:26  Drone  
  52  4:27  Extractor  
  52  4:31  Extractor, Evolution Chamber  
  50  4:33  Roach Warren  
  50  4:36  Drone x3  
  52  4:43  Drone x2  
  53  4:55  Drone x4  
  53  4:58  Zerg Ground Armor Level 1  
  57  5:03  Drone x2  
  59  5:08  Drone  
  59  5:09  Drone x2  
  59  5:13  Drone  
  63  5:16  Drone x3  
  63  5:18  Overlord  
  63  5:21  Overlord  
  65  5:24  Baneling x2  
  65  5:28  Overlord  
  65  5:32  Overlord  
  63  5:42  Roach x8  
  76  5:43  Roach  
  76  5:48  Roach  
  80  5:53  Roach  
  80  5:54  Roach x3  
  87  5:57  Roach  
  87  6:01  Roach x2  
  87  6:03  Roach  
  87  6:04  Roach  
  94  6:06  Roach  
  94  6:10  Roach  
  98  6:18  Roach x3  
  98  6:21  Roach x2  
  98  6:24  Roach  
  91  6:27  Roach  
  91  6:28  Roach x2  
  91  6:30  Roach  
  91  6:31  Zergling x2  
  91  6:32  Zergling x6  
  95  6:39  Roach  
  80  6:48  Roach x2  
  76  6:55  Roach x4  
  76  6:58  Roach x2  
  76  6:59  Zergling x6  
  84  7:05  Roach x2  
  88  7:11  Roach  
  90  7:16  Roach x2  
  87  7:25  Roach x4  
  86  7:31  Roach x2  
  86  7:36  Roach  
  86  7:38  Zergling x6  
  87  7:49  Roach x2  
  77  7:52  Roach x2  
  77  7:53  Roach x2  
  77  7:55  Queen x2  
  89  8:04  Roach x2  
  87  8:10  Roach  
  82  8:15  Roach  
  78  8:21  Roach  
  78  8:23  Zergling x4  
Tags
 
Add a new tag
Caveats
  • Supply blocks, unpowered buildings, or Contaminate may cause inaccurate times.
  • Supply counts are checked every 10 seconds.